 Dungeon Crawl Stone Soup version 0.26.0-16-gc1dbca0489 (webtiles) character file.

Game seed: 14573180781856995575

56 Froggeryz the Sneak (level 3, -1/31 HPs)
             Began as a Ghoul Delver on Jan 17, 2021.
             Was a Plaything of Xom.
             Slain by an ooze (4 damage)
             ... on level 4 of the Dungeon.
             The game lasted 00:02:19 (932 turns).

Froggeryz the Sneak (Ghoul Delver)                   Turns: 932, Time: 00:02:20

Health: -1/31      AC:  5    Str: 16    XL:     3   Next: 95%
Magic:  2/2        EV: 11    Int:  5    God:    Xom [..*...]
Gold:   15         SH:  0    Dex: 16    Spells: 2/2 levels left

rFire    . . .     SeeInvis .     - Unarmed
rCold    + . .     Faith    .   (no shield)
rNeg     + + +     Spirit   .   h - +0 ring mail
rPois    ∞         Reflect  .   (no helmet)
rElec    .         Harm     .   (no cloak)
rCorr    .         Rampage  .   (no gloves)
Will     .....                  (no boots)
Stlth    ++........             (no amulet)
HPRegen  0.00/turn              g - +6 ring of dexterity
MPRegen  0.08/turn              (no ring)

@: mighty
A: claws 1, cold resistance 1, negative energy resistance 3, inhibited
regeneration, torment resistance, unbreathing
a: Renounce Religion


You were on level 4 of the Dungeon.
You worshipped Xom.
You were a toy of Xom.
You visited 2 branches of the dungeon, and saw 3 of its levels.

You collected 15 gold pieces.

Inventory:

Armour
 h - a +0 ring mail (worn)
Jewellery
 g - a +6 ring of dexterity (left claw)
Wands
 f - a wand of digging (3)
Scrolls
 b - a scroll of fog
 c - a scroll of magic mapping


   Skills:
 - Level 3.2 Fighting
 + Level 1.2 Armour
 - Level 1.7 Dodging
 - Level 5.4 Stealth
 * Level 4.1 Unarmed Combat


You had 2 spell levels left.
You didn't know any spells.
Your spell library was empty.

Dungeon Overview and Level Annotations

Branches:
Dungeon (5/15)             Temple (1/1) D:5

Altars:
Ashenzari
Cheibriados
Dithmenos
Elyvilon
Fedhas
Hepliaklqana
Kikubaaqudgha
Makhleb
Qazlal
Ru
Trog
Vehumet
Xom
Yredelemnul
The Shining One


Innate Abilities, Weirdness & Mutations

You thrive by killing the living.
You are immune to poison.
You have sharp fingernails.
Your flesh is cold resistant. (rC+)
You are immune to negative energy. (rN+++)
You do not regenerate when monsters are visible.
You are immune to unholy pain and torment.
You can survive without breathing.


Message History

The ooze jiggles.
You miss Natasha.
Natasha is severely wounded.
The shadow imp hits you but does no damage.
Natasha misses you.
You mangle Natasha!!
You kill Natasha!
You hear a faint echoing roar filled with hate and sorrow!
The shadow imp disappears in a puff of smoke!
Your Armour skill increases to level 1!
Your Unarmed Combat skill increases to level 4!
You aren't carrying any potions.
Okay, then.
You scratch the ooze.
The ooze is lightly wounded.
The ooze hits you but does no damage.
You claw the ooze!
The ooze is almost dead.
The ooze hits you.
You die...

##### #...#
###§#####
#.§.J@..#
###.###.###
#.......#
#...###.####
#... #....#
##.. #.##.#
..o....##.#
## ######.#
#.#


You could see an ooze.

Vanquished Creatures
  Natasha (D:4)
  A worker ant (D:5)
  A shadow imp (D:5)
  A frilled lizard (D:4)
4 creatures vanquished.

Notes
Turn   | Place    | Note
-------+----------+-------------------------------------------
     0 | D:5      | Froggeryz the Ghoul Delver began the quest for the Orb.
     0 | D:5      | Reached XP level 1. HP: 19/19 MP: 0/0
    57 | D:5      | Reached XP level 2. HP: 2/26 MP: 1/1
   357 | D:5      | Found a staircase to the Ecumenical Temple.
   364 | Temple   | Entered the Ecumenical Temple
   610 | Temple   | Became a worshipper of Xom of Fickle Intent
   697 | D:5      | XOM: potion effect (haste)
   707 | D:5      | Reached XP level 3. HP: 27/31 MP: 2/2
   717 | D:5      | XOM: divination: magic mapping
   803 | D:4      | Noticed a +0 hand axe
   803 | D:4      | Noticed an ogre
   804 | D:4      | Noticed a +0 hand axe
   815 | D:4      | XOM: potion effect (brilliance)
   824 | D:4      | Noticed a phantom
   833 | D:4      | XOM: silly message
   868 | D:4      | XOM: divination: detect creatures
   873 | D:4      | Found a stormy altar of Qazlal.
   890 | D:4      | XOM: divination: magic mapping
   912 | D:4      | Noticed Natasha
   920 | D:4      | XOM: silly message
   921 | D:4      | XOM: potion effect (might)
   928 | D:4      | Killed Natasha
   929 | D:4      | Reached skill level 1 in Armour
   932 | D:4      | Slain by an ooze

Illustrated notes

Levels and vault maps discovered:
D:4:      layout_loops_ring, nicolae_qazlal_general_emergency,
          dancing_weapons_uskayaw, nzn_wu_jian_contemplation,
          cheibrodos_sewer_entry_bend, gammafunk_ghost_cemetery, minivault_14,
          uniq_natasha, uniq_ijyb
D:5:      layout_loops_ring, minmay_temple_entry_purple_smoke,
          grunt_dithmenos_smoke_and_mirrors, uniq_eustachio
Temple:   minmay_temple_curvy_branch

Skill      XL: |  1  2  3 |
---------------+----------+-----
Unarmed Combat | 3 4 |  4.1
Armour         | 1 |  1.2
Fighting       | |  3.2
Dodging        | |  1.7
Stealth        | |  5.4

Action                   || total
-------------------------++-------
Melee: Unarmed           ||    45
       Punch             ||     1
  Use: Scroll            ||     1
       Potion            ||     1
 Stab: Sleeping          ||     1
Armor: Leather armour    ||     1
       Ring mail         ||    11
Dodge: Dodged            ||    16
